 Dungeon Crawl Stone Soup version 0.30.0-17-ge0270778cf (webtiles) character file.

Game seed: 15988819801712926139

72 monsoonserge the Ruffian (level 4, 0/40 HPs)
             Began as a Ghoul Monk on May 21, 2023.
             Slain by a gnoll
             ... wielding a +0 whip
              (5 damage)
             ... on level 2 of the Dungeon.
             The game lasted 00:03:19 (1343 turns).

monsoonserge the Ruffian (Ghoul Monk)               Turns: 1343, Time: 00:03:20

Health: 0/40       AC:  2    Str: 16    XL:     4   Next: 25%
Magic:  3/3        EV: 12    Int:  5    God:
Gold:   66         SH:  0    Dex: 11    Spells: 3/3 levels left

rFire   . .          .
                       - Unarmed
rCold   + . .        c - orb {light}
rNeg    + + +        a - +0 robe
rPois   ∞            (no helmet)
rElec   .            (no cloak)
rCorr   .            (no gloves)
SInv    .            (no boots)
Will    .....        (no amulet)
Stlth   +            (no ring)
HPRegen 0.00/turn    (no ring)
MPRegen 0.08/turn

%: no passive effects
@: confused, ambrosia-drunk, inhibited regen, glowing
A: claws 1, cold resistance 1, negative energy resistance 3, inhibited
regeneration, torment resistance 2, devour on kill
a: no special abilities


You were on level 2 of the Dungeon.
You visited 1 branch of the dungeon, and saw 2 of its levels.

You collected 66 gold pieces.

Inventory:

Hand Weapons
 d - a +0 vampiric spear
 l - a +2 dagger of speed
Armour
 a - a +0 robe (worn)
 c - an orb of light (worn)
Magical Staves
 n - a staff of fire
 o - a staff of earth
Scrolls
 g - a scroll of immolation {unknown}
 j - a scroll of torment {unknown}
Potions
 e - a potion of heal wounds {unknown}
 f - a potion of attraction {unknown}
 h - a potion of brilliance {unknown}
 i - 2 potions of curing {unknown}
 k - 2 potions of mutation {unknown}
 m - a potion of lignification {unknown}


   Skills:
 + Level 4.0 Fighting
 + Level 3.2 Dodging
 + Level 4.4 Unarmed Combat


You had 3 spell levels left.
You didn't know any spells.
Your spell library was empty.

Dungeon Overview and Level Annotations

Branches:
Dungeon (2/15)

Altars:


Innate Abilities, Weirdness & Mutations

You are immune to poison.
You have sharp fingernails.
Your flesh is cold resistant. (rC+)
You are immune to negative energy. (rN+++)
You do not regenerate when monsters are visible.
You are immune to unholy pain and torment.
You thrive by killing the living.


Message History

The gnoll shouts!
You see here a staff of earth.
o - a staff of earth A gnoll comes into view.
It is wielding a +0 flail.
The gnoll hits you with a +0 club. The gnoll closely misses you.
You scratch the gnoll.
The gnoll is heavily wounded.
The gnoll hits you with a +0 club. The gnoll closely misses you.
You claw the gnoll!
You kill the gnoll!
You feel better. The gnoll barely misses you.
Your Fighting skill increases to level 4!
The gnoll barely misses you.
The gnoll hits you from afar with a +0 spear.
You barely miss the gnoll. The gnoll hits you with a +0 whip.
The gnoll hits you from afar with a +0 spear.
You scratch the gnoll.
The gnoll is heavily wounded.
The gnoll closely misses you. The gnoll hits you with a +0 whip.
The gnoll hits you from afar with a +0 spear.
You scratch the gnoll.
The gnoll is severely wounded.
The gnoll hits you with a +0 flail.
* * * LOW HITPOINT WARNING * * *
The gnoll hits you with a +0 whip.
* * * LOW HITPOINT WARNING * * *
The gnoll hits you from afar with a +0 spear.
* * * LOW HITPOINT WARNING * * *
You are confused.
You feel invigorated. The gnoll closely misses you. x2
The gnoll hits you from afar with a +0 spear.
* * * LOW HITPOINT WARNING * * *
You scratch the gnoll.
The gnoll is lightly wounded.
The gnoll hits you with a +0 whip.
* * * LOW HITPOINT WARNING * * *
The gnoll hits you with a +0 spear.
* * * LOW HITPOINT WARNING * * *
The gnoll hits you with a +0 whip.
You die...

##.#..........#
#........#
.........#####.
#....♣...#
#####..#.#
#..♣.....# .....#.#
#.....♣..#
####.##.###########
#...♣....# #.
#............
#........# ##
####......##
##......## #.....g#
###'####. #...)@.#
#.#....#.
#....gg###.
#.#..##..
#..........#
#.#†.##.#
#......#####
#........ #......#
##.#..... #......#
#.......# ........#
#........
##.......#
#..#.#... #...#####
#....#.##


You could see 3 gnolls.

Vanquished Creatures
  A gnoll (D:2)
  An adder (D:2)
  2 worms (D:2)
  A dart slug (D:1)
  An endoplasm (D:2)
  A giant cockroach (D:2)
  4 goblins
  8 hobgoblins
  3 kobolds (D:1)
  2 quokkas (D:1)
  6 ball pythons
  7 bats
  3 frilled lizards
  3 rats (D:1)
43 creatures vanquished.

Notes
Turn   | Place    | Note
-------+----------+-------------------------------------------
     0 | D:1      | monsoonserge the Ghoul Monk began the quest for the Orb.
     0 | D:1      | Reached XP level 1. HP: 19/19 MP: 0/0
    91 | D:1      | Reached XP level 2. HP: 22/26 MP: 1/1
   582 | D:1      | Reached XP level 3. HP: 24/33 MP: 2/2
  1247 | D:2      | Reached XP level 4. HP: 39/40 MP: 3/3
  1339 | D:2      | HP: 2/40 [gnoll/+0 spear (4)]
  1343 | D:2      | Slain by a gnoll

Illustrated notes

Levels and vault maps discovered:
D:1:      evilmike_arrival_rings, layout_loops_ring
D:2:      layout_basic, kennysheep_another_room

Skill      XL: |  1  2  3  4 |
---------------+-------------+-----
Dodging        | 3 |  3.2
Unarmed Combat | 4 |  4.4
Fighting       | 4 |  4.0

Action                     |  1- 3 |  4- 6 || total
---------------------------+-------+-------++-------
  Melee: Unarmed           |   105 |    14 ||   119
    Use: Potion            |       |     1 ||     1
 Armour: Robe              |    12 |       ||    12
  Dodge: Dodged            |    77 |    11 ||    88
